 Dungeon Crawl Stone Soup version 0.30.0-5-g1a98f26d00 (webtiles) character file.

Game seed: 13582894576111705849

598 Woods the Insei (level 7, -10/50 HPs)
             Began as a Djinni Transmuter on May 11, 2023.
             Was an Initiate of Makhleb.
             Mangled by a gnoll sergeant
             ... wielding a +0 trident
              (13 damage)
             ... on level 5 of the Dungeon.
             The game lasted 00:10:28 (5889 turns).

Woods the Insei (Djinni Transmuter)                 Turns: 5889, Time: 00:10:28

Health: -10/50     AC:  2    Str:  9    XL:     7   Next: 68%
Gold:   274        EV: 22    Int: 16    God:    Makhleb [......] SH:  5 Dex: 19

rFire   . .          .
                       - Unarmed
rCold   . . .        (shield currently unavailable)
rNeg    + . .        a - melded +0 robe
rPois   ∞            (helmet currently unavailable)
rElec   .            g - melded +0 cloak
rCorr   .            (gloves currently unavailable)
SInv    .            (boots unavailable)
Will    .....        w - amulet of reflection
Stlth   ++           n - ring of positive energy
HPRegen 0.28/turn    (no ring)
MPRegen 0.00/turn

%: reflection, infuse magic (-11 HP)
@: spider-form, flying
A: venomous fangs, flying, sickness immunity, tiny, (fire resistance 2), (cold
vulnerability 1), float, innate caster, HP casting, extra vitality 1
a: End Transformation, Renounce Religion


You were on level 5 of the Dungeon.
You worshipped Makhleb.
Makhleb was noncommittal.
You were a venomous arachnid creature.
You visited 2 branches of the dungeon, and saw 7 of its levels.

You collected 274 gold pieces.

Inventory:

Missiles
 u - 2 throwing nets
Armour
 a - a +0 robe (melded)
 g - a +0 cloak (melded)
Jewellery
 n - a ring of positive energy (left front pincers)
 w - an amulet of reflection (around neck)
Scrolls
 c - 2 scrolls of enchant weapon {unknown}
 e - a scroll of teleportation {unknown}
 f - 2 scrolls of poison {unknown}
 h - 2 scrolls of identify {unknown}
 i - a scroll of immolation {unknown}
 l - 2 scrolls of vulnerability {unknown}
 m - a scroll of magic mapping {unknown}
 p - a scroll of blinking {unknown}
 q - a scroll of torment {unknown}
 y - 2 scrolls of noise {unknown}
Potions
 b - a potion of lignification
 d - 2 potions of attraction {unknown}
 j - 3 potions of cancellation {unknown}
 k - 4 potions of curing
 o - 2 potions of might {unknown}
 r - a potion of mutation {unknown}
 s - 2 potions of heal wounds {unknown}
 t - a potion of resistance
 v - a potion of flight {unknown}
 x - a potion of berserk rage {unknown}
 z - a potion of haste {unknown}


   Skills:
 + Level 3.4 Fighting
 + Level 4.3 Dodging
 * Level 5.6 Unarmed Combat
 + Level 3.0 Spellcasting


You knew the following spells:

 Your Spells              Type           Power      Damage    Failure   Level
a - Beastly Appendage     Tmut           24%        N/A       16%         1
b - Wereblood             Tmut           12%        N/A       22%         2
c - Spider Form           Tmut/Pois      12%        N/A       34%         3
d - Ice Form              Ice/Tmut       12%        N/A       69%         4
e - Necrotise             Necr           48%        1d6       16%         1
f - Lesser Beckoning      Tloc           24%        N/A       22%         2
g - Vampiric Draining     Necr           12%        2d6       34%         3
Your spell library was empty.

Dungeon Overview and Level Annotations

Branches:
Dungeon (6/15)             Temple (1/1) D:5

Altars:
Ashenzari
Cheibriados
Elyvilon
Fedhas
Gozag
Hepliaklqana
Makhleb
Nemelex Xobeh
Okawaru
Qazlal
Ru
Trog
Uskayaw
Xom
Yredelemnul
Zin
The Shining One

Shops:
D:5 [

Annotations:
D:2 1 runed translucent door, Crazy Yiuf


Innate Abilities, Weirdness & Mutations

You are a venomous arachnid creature.
You have venomous fangs.
You are tiny and dextrous.
You are flying.
Your spellcasting is less reliable in this form.
Your armour is entirely melded.
You are incapable of wielding weapons or throwing items.
You are immune to sickness and miasma.
You are immune to poison.
((Your flesh is very heat resistant. (rF++)))
((You are vulnerable to cold. (rC-)))
You float through the air rather than walking.
You learn spells naturally, not from books.
Your magical power is your life essence.
You have superior vitality. (+4 MHP)


Message History

Things that are here:
a +0 club; a gnoll corpse You block the gnoll sergeant's attack.
The gnoll shouts!
You hit the gnoll sergeant.
You headbutt the gnoll sergeant, but do no damage.
The gnoll sergeant is lightly wounded.
The gnoll sergeant hits you with a +0 trident!
You hit the gnoll sergeant.
The gnoll sergeant is moderately wounded.
You barely miss the gnoll sergeant.
You headbutt the gnoll sergeant, but do no damage.
The gnoll sergeant is moderately wounded.
The gnoll sergeant hits you with a +0 trident!
You hit the gnoll sergeant but do no damage.
The gnoll sergeant is moderately wounded.
The gnoll sergeant hits you with a +0 trident!
You are too injured to fight recklessly!
Casting: Beastly Appendage (safe; 5% risk of failure)
Confirm with . or Enter, or press ? or * to list all spells.
Your horns disappear.
You turn into a venomous arachnid creature.
Your +0 cloak melds into your body.
Your +0 robe melds into your body.
The gnoll sergeant misses you.
Unknown command.
You hit the gnoll sergeant.
The gnoll sergeant is poisoned.
The gnoll sergeant is heavily wounded.
The gnoll sergeant completely misses you.
You barely miss the gnoll sergeant.
The gnoll sergeant is heavily wounded.
The gnoll sergeant closely misses you.
You hit the gnoll sergeant.
The gnoll sergeant looks as sick as possible!
The gnoll sergeant is heavily wounded.
The gnoll sergeant hits you with a +0 trident!
* * * LOW HITPOINT WARNING * * *
You hit the gnoll sergeant.
The gnoll sergeant is heavily wounded.
The gnoll sergeant hits you with a +0 trident!
You die...

#.
#######.#####.####.
..
...................
#.
......".#####.#####
######### #.# #.#
#.# #.#
################ #.#
....gggs)......# #.#
##############.###.#
#.....# #.##### ###


You could see a gnoll sergeant (extremely poisoned) and 2 gnolls.

Vanquished Creatures
  A phantom (D:5)
  A gnoll sergeant (D:5)
  A howler monkey (D:5)
  An orc priest (D:5)
  A gnoll bouda (D:4)
  2 hounds
  A jelly (D:5)
  An iguana (D:5)
  10 gnolls
  5 adders
  3 worms
  4 dart slugs
  12 orcs
  3 ball pythons
  6 bats
  9 endoplasms
  2 giant cockroaches
  8 goblins
  10 hobgoblins
  5 jackals
  5 kobolds
  2 quokkas
  3 frilled lizards
  6 rats
102 creatures vanquished.

Notes
Turn   | Place    | Note
-------+----------+-------------------------------------------
     0 | D:1      | Woods the Djinni Transmuter began the quest for the Orb.
     0 | D:1      | Woods set off with the following spells memorised: Beastly
                  | Appendage, Wereblood, Spider Form, Ice Form.
     0 | D:1      | Reached XP level 1. HP: 17/17 MP: 0/0
     2 | D:1      | Noticed a ghoul
     4 | D:1      | Noticed an ogre
     4 | D:1      | Noticed a vampire
     6 | D:1      | Noticed an elf
     6 | D:1      | Noticed a meteoran
     8 | D:1      | Noticed a gargoyle
     8 | D:1      | Noticed a vine stalker
    10 | D:1      | Noticed a draconian
    10 | D:1      | Noticed a human
    12 | D:1      | Noticed an armataur
    12 | D:1      | Noticed an octopode
    14 | D:1      | Noticed a minotaur
    14 | D:1      | Noticed a demonspawn
    16 | D:1      | Noticed a formicid
    16 | D:1      | Noticed a felid
    18 | D:1      | Noticed a tengu
    20 | D:1      | Noticed a merfolk
    20 | D:1      | Noticed a demigod
    22 | D:1      | Noticed a naga
    22 | D:1      | Noticed a spriggan
    24 | D:1      | Noticed a minotaur
    26 | D:1      | Noticed a formicid
    26 | D:1      | Noticed an octopode
    84 | D:1      | Reached XP level 2. HP: 10/22 MP: 0/0
   609 | D:1      | Reached XP level 3. HP: 22/27 MP: 0/0
   609 | D:1      | Learned a level 1 spell: Necrotise
   722 | D:1      | Found a faded altar of an unknown god.
   722 | D:1      | Noticed a shadow demon
  1400 | D:2      | Reached XP level 4. HP: 22/33 MP: 0/0
  1666 | D:2      | Found a runed translucent door.
  1667 | D:2      | Noticed Crazy Yiuf
  2173 | D:3      | Found an opulent altar of Gozag.
  2432 | D:3      | Reached XP level 5. HP: 38/38 MP: 0/0
  2432 | D:3      | Learned a level 2 spell: Lesser Beckoning
  2839 | D:4      | Reached skill level 4 in Unarmed Combat
  2981 | D:4      | Reached XP level 6. HP: 21/45 MP: 0/0
  4407 | D:5      | Entered Level 5 of the Dungeon
  4416 | D:5      | You are sucked into a shaft and drop 1 floor!
  4450 | D:5      | Found a bloodstained altar of Trog.
  4457 | D:5      | HP: 2/45 [gnoll/+0 whip[a gnoll sergeant] (7)]
  4903 | D:4      | Reached skill level 5 in Unarmed Combat
  4955 | D:5      | Found a hazy altar of Hepliaklqana.
  5016 | D:5      | Found an iron altar of Okawaru.
  5026 | D:5      | Reached XP level 7. HP: 44/50 MP: 0/0
  5026 | D:5      | Learned a level 3 spell: Vampiric Draining
  5395 | D:5      | Found Inlaffer's Armour Boutique.
  5597 | D:5      | Identified the +0 ring mail "Pumic" {Dex+4}
  5641 | D:5      | Found a staircase to the Ecumenical Temple.
  5785 | Temple   | Entered the Ecumenical Temple
  5813 | Temple   | Became a worshipper of Makhleb the Destroyer
  5889 | D:5      | Mangled by a gnoll sergeant

Illustrated notes

Levels and vault maps discovered:
D:1:      kb_arrival_jail, layout_loops_corners,
          dreamdust_ecumenical_altar_sealed_demon, st_stairs_5
D:2:      layout_rooms, reono_crystal_passage, fountainhead,
          uniq_crazy_yiuf_cottage
D:3:      layout_rooms, grunt_gozag_statues, small_statue_intersection,
          minivault_27, nrook_uturn
D:4:      layout_layer_cave, hangedman_decor_slide_cut
D:5:      layout_basic, trog_three_pillars_becter,
          mainiacjoe_overflow_catch_the_wave, temple_hall, serial_shops, shop
D:6:      layout_loops_ring, mainiacjoe_overflow_alcove_1, serial_shops,
          nicolae_shop_back_alley_shop, uniq_blork_the_orc
Temple:   lightli_temple_of_artemis

Skill      XL: |  1  2  3  4  5  6  7 |
---------------+----------------------+-----
Spellcasting   | 2 3 |  3.0
Dodging        | 3 4 |  4.3
Fighting       | 2 3 |  3.4
Unarmed Combat | 4 5 |  5.6

Action                     |  1- 3 |  4- 6 |  7- 9 || total
---------------------------+-------+-------+-------++-------
  Melee: Unarmed           |   157 |   216 |    50 ||   423
         Headbutt          |     6 |    21 |     4 ||    31
         Punch             |     2 |     6 |     1 ||     9
   Cast: Beastly Appendage |    10 |    23 |     1 ||    34
         Necrotise         |       |    11 |       ||    11
         Spider Form       |       |     6 |     7 ||    13
         Wereblood         |       |     1 |       ||     1
Ability: End Transformatio |       |       |     1 ||     1
   Stab: Sleeping          |     2 |       |       ||     2
 Armour: Robe              |    44 |    34 |       ||    78
         Skin              |       |     1 |       ||     1
  Dodge: Dodged            |    92 |   160 |    32 ||   284
  Block: Other             |       |     2 |     7 ||     9
